 Dungeon Crawl Stone Soup version 0.28.0-53-g5a82cb258f (webtiles) character file.

Game seed: 3378679242040841529

11965 Peloso the Carver (level 11, 0/101 HPs)
             Began as a Minotaur Fighter on June 13, 2022.
             Was a High Priest of Okawaru.
             Slain by an ice devil (23 damage)
             ... in an ice cave.
             The game lasted 00:24:31 (14920 turns).

Peloso the Carver (Minotaur Fighter)               Turns: 14920, Time: 00:24:31

Health: 0/101      AC: 18    Str: 23    XL:     11   Next: 56%
Magic:  9/11       EV: 12    Int:  5    God:    Okawaru [*****.]
Gold:   1284       SH:  7    Dex: 12    Spells: 10/10 levels left

rFire   . . .      SeeInvis .   a - +1 long sword
rCold   . . .      Faith    .   c - +0 buckler
rNeg    . . .      Spirit   .   D - +0 chain mail
rPois   +          Reflect  .   (helmet restricted)
rElec   .          Harm     .   j - +0 cloak
rCorr   .          Rampage  .   l - +1 pair of gloves
Will    .....                   (no boots)
Stlth   ..........              (no amulet)
HPRegen 0.26/turn               n - +4 ring of slaying
MPRegen 0.12/turn               f - ring of poison resistance

@: heroic, studying Unarmed Combat
A: horns 2, retaliatory headbutt
a: Renounce Religion, Heroism, Finesse, Duel


You were in an ice cave.
You worshipped Okawaru.
Okawaru was extremely pleased with you.
You visited 2 branches of the dungeon, and saw 12 of its levels.
You also visited: Ice Cave.

You collected 1284 gold pieces.

Inventory:

Hand Weapons
 a - a +1 long sword (weapon)
 b - a +1 dagger of flaming
Missiles
 H - 2 throwing nets (quivered)
Armour
 c - a +0 buckler (worn)
 j - a +0 cloak (worn)
 l - a +1 pair of gloves (worn)
 D - a +0 chain mail (worn)
 I - a +2 scale mail of fire resistance
Jewellery
 f - a ring of poison resistance (right hand)
 n - a +4 ring of slaying (left hand)
 p - a ring of see invisible
 r - a +6 ring of intelligence
 t - an amulet of faith
 A - a ring of magical power
Wands
 v - a wand of flame (30)
 x - a wand of digging (8)
 E - a wand of acid (5)
Scrolls
 d - 2 scrolls of noise
 g - a scroll of acquirement
 q - 2 scrolls of teleportation
 u - a scroll of fog
 w - 2 scrolls of fear
 z - a scroll of magic mapping
 F - 2 scrolls of blinking {unknown}
Potions
 e - a potion of ambrosia
 h - 2 potions of flight
 i - 4 potions of resistance
 k - 3 potions of lignification
 m - a potion of cancellation
 o - 3 potions of curing
 s - 2 potions of mutation
 C - a potion of heal wounds


   Skills:
 + Level 10.5(15.5) Fighting
 + Level 13.3(18.3) Long Blades
 + Level 11.3(16.3) Armour
 + Level 5.4(10.4) Dodging
 + Level 1.7(6.7) Stealth
 + Level 8.3(13.3) Shields
 + Level 1.5 Invocations
 + Level 0.4 Evocations


You had 10 spell levels left.
You didn't know any spells.
Your spell library contained the following spells:

 Spells                   Type           Power      Damage    Failure   Level
 Apportation              Tloc           0%         N/A       95%         1
 Animate Skeleton         Necr           Unusable   N/A       N/A         1
 Summon Small Mammal      Summ           Unusable   N/A       N/A         1

Dungeon Overview and Level Annotations

Branches:
Dungeon (11/15)            Temple (1/1) D:5             Orc (0/2) D:11
  IceCv (1/1)
   Lair: D:8-11

Altars:
Cheibriados
Dithmenos
Fedhas
Gozag
Kikubaaqudgha
Makhleb
Nemelex Xobeh
Okawaru
Sif Muna
Trog
Uskayaw
Vehumet
Wu Jian
Xom
Yredelemnul
The Shining One


Innate Abilities, Weirdness & Mutations

You have a pair of horns on your head.
You reflexively headbutt those who attack you in melee.


Message History

Really walk into that cloud of freezing vapour? [Y]es or [N]o only, please.
Really walk into that cloud of freezing vapour? [Y]es or [N]o only, please.
Really walk into that cloud of freezing vapour?
Okay, then.
You block the death yak simulacrum's attack.
You slash the death yak simulacrum! You headbutt the death yak simulacrum!
The death yak simulacrum is severely damaged.
You hit the death yak simulacrum but do no damage.
The death yak simulacrum is severely damaged.
You are engulfed in freezing vapours.
The death yak simulacrum gores you. The death yak simulacrum freezes you!!
You slash the death yak simulacrum!
The death yak simulacrum is almost destroyed.
You are engulfed in freezing vapours.
* * * LOW HITPOINT WARNING * * *
The death yak simulacrum closely misses you.
You slash the death yak simulacrum!
The death yak simulacrum vaporises!
Okawaru accepts your kill. 2 ice devils come into view.
A white imp comes into view.
The white imp shouts!
A naga simulacrum comes into view.
You gain the combat prowess of a mighty hero.
You closely miss the ice devil.
The ice devil hits you but does no damage.
You hit the ice devil but do no damage. You closely miss the ice devil.
Your headbutt misses the ice devil. You hit the ice devil but do no damage.
You block the ice devil's attack.
The ice devil hits you but does no damage.
You hit the ice devil but do no damage. You hit the ice devil but do no damage.
Your headbutt misses the ice devil.
The ice devil hits you but does no damage. x2
The white imp picks up a beetle and eats it.
You completely miss the ice devil. The ice devil hits you.
* * * LOW HITPOINT WARNING * * *
The ice devil freezes you!!
You die...

#☼○##).#..##
.....##[..##..#
#...°
#....#..##
#.≈.#
#....##..#
..Z.#...#
##....#..#
###...#...#
##.#.##..#
.5.≈.☼...#
#..###...#
..... #..#
#...##..##
#.#4.##@#
#.......#
#.##.#44#
#..#...##
##..#...5#
#..#..##
#...##..##
##..####
#.......# #..##
#..☼...##
##...# ##..°°.#
#...## ##.°.##
##..##
###.§###....##


You could see 2 ice devils and a white imp.

Vanquished Creatures
  A boulder beetle (D:10)
  Harold (D:10)
  Joseph (D:10)
  2 ice statues (IceCv)
  5 ice devils (IceCv)
  An entropy weaver simulacrum (IceCv)
  A polar bear (D:8)
  A troll (D:8)
  Grinder (D:4)
  Sigmund (D:3)
  2 dire elephant simulacra (IceCv)
  A wyvern (D:9)
  Eustachio (D:4)
  10 yaks
  6 humans
  2 steam dragons
  A death yak simulacrum (IceCv)
  A water moccasin (D:8)
  2 sky beasts
  An orc warrior (D:11)
  4 ice beasts
  2 ogres (D:4)
  A wolf (D:8)
  5 centaurs
  A phantom (D:7)
  3 kobold brigands
  3 bullfrogs (D:7)
  A gnoll sergeant (D:7)
  4 scorpions
  A cane toad simulacrum (IceCv)
  A two-headed ogre simulacrum (IceCv)
  A water moccasin zombie (D:6)
  A water moccasin skeleton (D:7)
  15 killer bees
  2 elephant simulacra (IceCv)
  3 wights (D:8)
  An electric eel (D:8)
  5 orc priests
  A jelly (D:5)
  2 hounds (D:6)
  2 wyvern simulacra (D:8)
  2 bullfrog skeletons
  Jessica (D:2)
  5 iguanas
  Natasha (thrice) (D:3)
  3 orc wizards
  A spriggan simulacrum (IceCv)
  2 troll simulacra (IceCv)
  A wolf simulacrum (IceCv)
  2 centaur simulacra (D:8)
  A hound skeleton (D:5)
  Robin (D:2)
  A howler monkey zombie (D:8)
  9 gnolls
  6 adders
  2 naga simulacra (IceCv)
  5 white imps
  3 ufetubi
  A dart slug (D:4)
  24 orcs
  6 endoplasms
  2 giant cockroaches (D:3)
  15 goblins
  5 hobgoblins
  4 jackals (D:2)
  22 kobolds
  2 quokkas
  7 ball pythons
  4 bats
  2 frilled lizards
  3 rats
246 creatures vanquished.

Notes
Turn   | Place    | Note
-------+----------+-------------------------------------------
     0 | D:1      | Peloso the Minotaur Fighter began the quest for the Orb.
     0 | D:1      | Reached XP level 1. HP: 19/19 MP: 0/0
    33 | D:1      | Found a faded altar of an unknown god.
   166 | D:1      | HP: 1/20 [frilled lizard (3)]
   169 | D:1      | Reached XP level 2. HP: 2/27 MP: 1/1
   901 | D:1      | Identified 2 scrolls of acquirement
   978 | D:2      | Reached skill level 3 in Long Blades
  1036 | D:1      | Reached XP level 3. HP: 6/33 MP: 2/2
  1499 | D:2      | Reached XP level 4. HP: 39/40 MP: 3/3
  1892 | D:2      | Noticed Jessica
  1896 | D:2      | Killed Jessica
  1897 | D:2      | Reached skill level 4 in Long Blades
  2062 | D:2      | Noticed Robin
  2095 | D:2      | Killed Robin
  2448 | D:2      | Reached XP level 5. HP: 47/47 MP: 4/4
  2566 | D:3      | Noticed Natasha
  2573 | D:3      | Killed Natasha
  2614 | D:3      | Noticed Sigmund
  2843 | D:2      | Reached skill level 5 in Long Blades
  3204 | D:2      | Reached skill level 1 in Dodging
  3308 | D:3      | Killed Sigmund
  3309 | D:3      | Reached skill level 5 in Armour
  3309 | D:3      | Reached XP level 6. HP: 5/55 MP: 5/5
  3658 | D:3      | Noticed Natasha
  3664 | D:3      | Killed Natasha
  3665 | D:3      | Reached skill level 5 in Fighting
  3727 | D:3      | Noticed Natasha
  3738 | D:3      | Killed Natasha
  3739 | D:3      | Reached skill level 6 in Long Blades
  3804 | D:3      | Found a basalt altar of Yredelemnul.
  3804 | D:3      | Found a faded altar of an unknown god.
  3810 | D:3      | Found a shimmering blue altar of Sif Muna.
  3812 | D:3      | Found a snail-covered altar of Cheibriados.
  3814 | D:3      | Found a blossoming altar of Fedhas.
  4161 | D:5      | Entered Level 5 of the Dungeon
  4189 | D:4      | HP: 6/126 [poisoned by a killer bee]
  4780 | D:4      | Noticed Grinder
  4981 | D:4      | Reached XP level 7. HP: 61/61 MP: 6/6
  5098 | D:4      | Paralysed by Grinder for 5 turns
  5107 | D:4      | Killed Grinder
  5108 | D:4      | Reached skill level 7 in Long Blades
  5582 | D:4      | Reached XP level 8. HP: 47/70 MP: 7/7
  5931 | D:4      | Noticed Eustachio
  5975 | D:4      | Killed Eustachio
  6432 | D:4      | Reached skill level 8 in Long Blades
  6443 | D:4      | Reached skill level 5 in Shields
  7066 | D:5      | Found a staircase to the Ecumenical Temple.
  7078 | Temple   | Entered the Ecumenical Temple
  7098 | Temple   | Became a worshipper of Warmaster Okawaru
  7895 | D:6      | Reached XP level 9. HP: 78/78 MP: 8/8
  8168 | D:6      | Reached skill level 9 in Long Blades
  8790 | D:7      | Reached skill level 1 in Stealth
  8984 | D:7      | Reached * piety under Okawaru
  9006 | D:7      | Reached skill level 10 in Long Blades
  9087 | D:7      | HP: 4/80 [something (3)]
  9544 | D:7      | Reached ** piety under Okawaru
 10010 | D:8      | Reached XP level 10. HP: 86/88 MP: 9/9
 10424 | D:8      | Reached skill level 11 in Long Blades
 10424 | D:8      | Reached skill level 10 in Armour
 11212 | D:8      | Reached skill level 5 in Dodging
 11599 | D:9      | Noticed a death knight
 11599 | D:9      | Noticed a skeletal warrior
 11607 | D:9      | Noticed a phantasmal warrior
 11627 | D:10     | Entered Level 10 of the Dungeon
 11849 | D:10     | Noticed Joseph
 11867 | D:10     | Killed Joseph
 11867 | D:10     | Reached *** piety under Okawaru
 12087 | D:10     | Noticed a boulder beetle
 12107 | D:10     | Killed a boulder beetle
 12108 | D:10     | Reached skill level 12 in Long Blades
 12360 | D:10     | Noticed Harold
 12369 | D:10     | Killed Harold
 12391 | D:10     | Reached **** piety under Okawaru
 12392 | D:10     | Reached XP level 11. HP: 90/97 MP: 10/10
 12412 | D:10     | Reached skill level 1 in Invocations
 12793 | D:11     | Found a frozen archway.
 12830 | D:11     | Found a staircase to the Orcish Mines.
 12878 | D:11     | Reached skill level 10 in Fighting
 13063 | IceCv    | Entered an ice cave
 13067 | IceCv    | Acquired 693 gold pieces
 13872 | IceCv    | Reached skill level 13 in Long Blades
 14208 | IceCv    | Reached ***** piety under Okawaru
 14920 | IceCv    | Slain by an ice devil

Illustrated notes

Levels and vault maps discovered:
D:1:      minmay_arrival_checkered_box, layout_basic,
          chequers_ecumenical_altar_island, minmay_pentomino_w4
D:2:      layout_basic, uniq_robin, uniq_jessica
D:3:      cheibrodos_pilgrimage, layout_rooms,
          chequers_temple_overflow_minitemple, uniq_natasha, uniq_sigmund
D:4:      layout_gridville, minmay_manual_mares, uniq_grinder, uniq_eustachio
D:5:      layout_loops_ring, minmay_temple_entry_water_ring
D:6:      layout_basic, chequers_mini_garden
D:7:      layout_basic, minmay_ruffians
D:8:      layout_gridville, serial_ice, serial_ice_d, serial_ice_n,
          serial_ice_j, serial_ice_m, serial_ice_h, serial_ice_f
D:9:      layout_roguey
D:10:     layout_cave_pools, uniq_joseph, uniq_harold
D:11:     layout_basic, lair_entry_dummy, erik_orc_4,
          portal_ice_cave_entry_pillars_2
Temple:   compressed_dpeg_circular_temple
IceCv:    ice_cave_small_demon

Skill      XL: |  1  2  3  4  5  6  7  8  9 10 11 |
---------------+----------------------------------+-----
Fighting       | 4 5 6 7 9 10 | 10.5
Armour         | 4 5 6 8 9 10 11 | 11.3
Long Blades    | 3 4 5 6 7 8 10 12 13 | 13.3
Shields        | 4 5 6 7 8 |  8.3
Dodging        | 1 2 4 5 |  5.4
Stealth        | 1 |  1.7
Invocations    | 1 |  1.5
Evocations     | |  0.4

Action                   |  1- 3 |  4- 6 |  7- 9 | 10-12 || total
-------------------------+-------+-------+-------+-------++-------
Melee: Long sword        |    68 |   151 |   250 |   316 ||   785
       Headbutt          |     3 |    17 |    45 |    85 ||   150
Invok: Heroism           |       |       |     3 |    13 ||    16
Evoke: Wand              |       |       |       |     4 ||     4
  Use: Scroll            |     3 |     4 |     3 |     4 ||    14
       Potion            |       |     4 |     3 |       ||     7
Armor: Scale mail        |    40 |    77 |   161 |       ||   278
       Skin              |       |     9 |       |       ||     9
       Chain mail        |       |       |     2 |   136 ||   138
Dodge: Dodged            |    35 |    66 |   155 |   143 ||   399
Block: Buckler           |    20 |    42 |    64 |    96 ||   222
